 Dungeon Crawl Stone Soup version 0.24-b1 (webtiles) character file.

Game seed: 11735060771033934330, levelgen mode: deterministic

140 LabCoat the Chopper (level 5, -8/46 HPs)
             Began as a Hill Orc Fighter on Oct 13, 2019.
             Mangled by an ogre
             ... wielding a +0 giant club
              (29 damage)
             ... on level 4 of the Dungeon.
             The game lasted 00:07:57 (2428 turns).

LabCoat the Chopper (Hill Orc Fighter)              Turns: 2428, Time: 00:07:58

Health: -8/46      AC:  9    Str: 20    XL:     5   Next: 22%
Magic:  5/5        EV:  5    Int:  8    God:
Gold:   108        SH:  9    Dex: 10    Spells: 4/4 levels left

rFire    . . .     SeeInvis .   a - +0 war axe
rCold    . . .     Gourm    .   c - +0 shield
rNeg     . . .     Faith    .   p - +0 chain mail
rPois    .         Spirit   .   (no helmet)
rElec    .         Reflect  .   (no cloak)
rCorr    .         Harm     .   (no gloves)
MR       .....                  (no boots)
Stlth    ..........             (no amulet)
HPRegen  0.15/turn              (no ring)
MPRegen  0.09/turn              (no ring)

@: about to teleport
A: no striking features
a: no special abilities


You were on level 4 of the Dungeon.
You were not hungry.

You visited 1 branch of the dungeon, and saw 4 of its levels.

You collected 108 gold pieces.

Inventory:

Hand Weapons
 a - a +0 war axe (weapon)
Armour
 c - a +0 shield (worn)
 p - a +0 chain mail (worn)
Jewellery
 j - an uncursed amulet of faith {unknown}
Wands
 i - a wand of enslavement (9)
Scrolls
 k - a scroll of fog
 l - a scroll of remove curse
 m - a scroll of blinking {unknown}
 q - a scroll of magic mapping
Potions
 d - 4 potions of might
 e - 2 potions of agility {unknown}
 h - 2 potions of curing {unknown}
 n - a potion of cancellation {unknown}
 o - 3 potions of heal wounds {unknown}
Comestibles
 b - a chunk of flesh
 f - 9 rations


   Skills:
 + Level 4.2 Fighting
 * Level 5.5 Axes
 + Level 3.8 Armour
 + Level 3.8 Shields


You had 4 spell levels left.
You didn't know any spells.
Your spell library was empty.

Dungeon Overview and Level Annotations

Branches:
Dungeon (4/15)
 Temple: D:4-7

Altars:
Ashenzari
Gozag

Annotations:
D:3 2 transporters, losten's ghost, amateur DsBe


Message History

Okay, then.
A leopard gecko is nearby!
An ogre comes into view. It is wielding a +0 giant club.
You block the leopard gecko's attack.
The leopard gecko completely misses you.
You barely miss the leopard gecko. You block the leopard gecko's attack.
The ogre hits you with a +0 giant club!
You slash the ogre!
The ogre is moderately wounded.
You closely miss the leopard gecko.
The leopard gecko bites you but does no damage.
You block the leopard gecko's attack. The ogre hits you with a +0 giant club!
You are too injured to fight recklessly!
You are too injured to fight recklessly!
You are too injured to fight recklessly!
As you read the scroll of teleportation, it crumbles to dust.
You feel strangely unstable. The leopard gecko barely misses you.
The ogre hits you with a +0 giant club!!
Ouch! That really hurt!
You die...

##.............##
#...............#
#..)............#
#...............#
#...............#
#...?........<..#
.#.###...............#
....................##
.......@?..........##
......lO..###.######
..........# #.#
..........# #..
........... ...#
..........##
..........#
.........##


You could see an ogre and a leopard gecko.

Vanquished Creatures
  A hound (D:4)
  2 adders
  An ooze (D:2)
  A worm (D:3)
  4 dart slugs
  4 leopard geckos
  5 orcs (D:3)
  3 bats (D:1)
  3 giant cockroaches
  9 hobgoblins
  9 kobolds
  3 quokkas
  6 frilled lizards
  5 goblins
  5 rats
61 creatures vanquished.

Notes
Turn   | Place    | Note
-------+----------+-------------------------------------------
     0 | D:1      | LabCoat the Hill Orc Fighter began the quest for the Orb.
     0 | D:1      | Reached XP level 1. HP: 19/19 MP: 1/1
   181 | D:1      | Reached skill level 3 in Axes
   181 | D:1      | Reached XP level 2. HP: 19/27 MP: 2/2
   338 | D:1      | Reached XP level 3. HP: 27/33 MP: 3/3
   709 | D:1      | Reached skill level 4 in Axes
   956 | D:2      | Found an opulent altar of Gozag.
  1100 | D:2      | Reached XP level 4. HP: 31/40 MP: 4/4
  1392 | D:2      | Found a faded altar of an unknown god.
  1448 | D:3      | Found a shattered altar of Ashenzari.
  1557 | D:3      | You fall into a shaft and drop 1 floor!
  1562 | D:4      | Reached skill level 5 in Axes
  1659 | D:3      | Reached XP level 5. HP: 38/46 MP: 5/5
  1942 | D:3      | Noticed losten's ghost (amateur DsBe)
  1955 | D:3      | Found a transporter.
  1987 | D:3      | Found a transporter.
  2423 | D:4      | Noticed an ogre
  2428 | D:4      | Mangled by an ogre

Skill      XL: |  1  2  3  4 |
---------------+-------------+-----
Axes           | 3 4 5 |  5.5
Fighting       | 4 |  4.2
Armour         | |  3.8
Shields        | |  3.8

Action                   |  1- 3 |  4- 6 || total
-------------------------+-------+-------++-------
Melee: War axe           |   127 |    90 ||   217
  Use: Scroll            |     4 |     4 ||     8
  Eat: Chunk             |     1 |     4 ||     5
Armor: Scale mail        |    63 |    14 ||    77
       Chain mail        |       |    34 ||    34
Dodge: Dodged            |    46 |    32 ||    78
Block: Shield            |    69 |    51 ||   120
